 Dungeon Crawl Stone Soup version 0.20.0-7-g3b7b877 (webtiles) character file.

641645 Reinor the Archmage (level 27, -1/140 HPs)
             Began as a Spriggan Earth Elementalist on May 28, 2017.
             Was the Champion of Vehumet.
             Killed from afar by a shadow dragon (28 damage)
             ... with a bolt of negative energy
             ... on level 5 of the Vaults on May 29, 2017.
             The game lasted 05:45:23 (96820 turns).

Reinor the Archmage (Spriggan Earth Elementalist)  Turns: 96820, Time: 05:45:25

Health: -1/140     AC:  6    Str:  7    XL:     27
Magic:  58/60      EV: 38    Int: 38    God:    Vehumet [******]
Gold:   2514       SH:  0    Dex: 19    Spells: 10/80 levels left

rFire    + + +     SeeInvis +   X - +6 mace of Desperation {freeze, MR+ Int+4 Stlth+}
rCold    + + .     Gourm    .   (shield restricted)
rNeg     . . .     Faith    .   H - +2 robe {rC+ rF+}
rPois    +         Spirit   .   V - +2 hat {Int+3}
rElec    +         Reflect  .   p - scarf {cloud immunity}
rCorr    +         Harm     .   (gloves unavailable)
MR       +++++                  (boots unavailable)
Stlth    +++.......             u - amulet of magic regeneration
Regen    0.4/turn               y - ring "Pugoem" {+Fly Str+5 Int+4 SInv}
MPRegen  0.6/turn               q - ring of resist corrosion

@: resistant, studying 2 skills, drained, very quick
A: unfitting armour, see invisible, fire resistance 1, herbivore 3, speed 3,
high mp 1, magic resistance 1, slow metabolism 2, weak 1
}: 4/15 runes: decaying, slimy, abyssal, gossamer
a: Renounce Religion, Evoke Flight


You were on level 5 of the Vaults.
You worshipped Vehumet.
Vehumet was exalted by your worship.
You were not hungry.

You visited 11 branches of the dungeon, and saw 51 of its levels.
You visited the Abyss 1 time.
You visited 1 bazaar.
You also visited: Ice Cave.

You collected 9041 gold pieces.
You spent 6527 gold pieces at shops.

Inventory:

Hand Weapons
 s - the +7 lajatang of Order {silver, rMut}
   (You took it off a spriggan rider on level 1 of the Swamp)

   It protects you from mutation.
 X - the +6 mace of Desperation (weapon) {freeze, MR+ Int+4 Stlth+}
   (You took it off a deep elf demonologist on level 3 of the Elven Halls)

   It has been specially enchanted to freeze those struck by it, causing extra
   injury to most foes and up to half again as much damage against particularly
   susceptible opponents.
   It can also slow down cold-blooded creatures.
   It affects your intelligence (+4).
   It affects your resistance to hostile enchantments.
   It makes you more stealthy.
Armour
 b - the +3 faerie dragon scales {*Corrode +Fly rN+ rCorr SInv}
   (You took it off the Enchantress on level 3 of the Depths)

   It protects you from negative energy.
   It lets you see invisible.
   It lets you fly.
   It protects you from acid and corrosion.
   It may corrode you when you take damage.
 p - a scarf of cloud immunity (worn)
 B - a +2 robe of the Archmagi
 H - a +2 robe of resistance (worn)
 K - a +2 robe of magic resistance
 T - a +2 robe of positive energy
 V - a +2 hat of intelligence (worn)
Magical Staves
 w - an uncursed staff of earth
 L - an uncursed staff of conjuration
 O - an uncursed staff of wizardry
Jewellery
 q - a ring of resist corrosion (right hand)
 u - an amulet of magic regeneration (around neck)
 v - the amulet of Hehac {Reflect Dex+2 SH+4}
   (You took it off a deep elf annihilator on level 3 of the Elven Halls)

   [amulet of reflection]

   It shields you and reflects attacks.
   It affects your dexterity (+2).
   It affects your SH (+4).
 x - the ring of the Five People {rElec rC+ Str+8 Dex-5}
   (You found it on level 5 of the Pits of Slime)

   [ring of protection from cold]

   It affects your strength (+8).
   It affects your dexterity (-5).
   It protects you from cold.
   It insulates you from electricity.
 y - the ring "Pugoem" (left hand) {+Fly Str+5 Int+4 SInv}
   (You found it on level 3 of the Spider Nest)

   [ring of see invisible]

   It affects your strength (+5).
   It affects your intelligence (+4).
   It lets you see invisible.
   It lets you fly.
 M - the ring "Kukileir" {rElec rPois rC+ Str-4 Dex+6}
   (You found it on level 3 of the Spider Nest)

   [ring of protection from cold]

   It affects your strength (-4).
   It affects your dexterity (+6).
   It protects you from cold.
   It insulates you from electricity.
   It protects you from poison.
Wands
 Q - a wand of digging (7/24)
Scrolls
 a - 23 scrolls of remove curse
 e - 7 scrolls of recharging
 i - 20 scrolls of teleportation
 k - 15 scrolls of identify
 l - 10 scrolls of fear
 n - 8 scrolls of immolation
 z - 7 scrolls of amnesia
 C - 5 scrolls of magic mapping
 N - 5 scrolls of fog
 U - a scroll of summoning
 W - 5 scrolls of enchant armour
 Y - 2 scrolls of holy word
Potions
 c - 2 potions of heal wounds
 f - 5 potions of brilliance
 g - 5 potions of haste
 m - 22 potions of curing
 o - 11 potions of flight
 t - 7 potions of invisibility
 E - 2 potions of magic
 G - 9 potions of agility
 I - 3 potions of resistance
 J - 14 potions of mutation
 P - 4 potions of cancellation
 R - 8 potions of ambrosia
Books
 j - a manual of Transmutations
 A - a manual of
Armour
 F - a book of Fire

   Spells                             Type                      Level
   a - Ignite Poison                  Fire/Transmutation/Poison    3
   b - Fireball                       Conjuration/Fire             5
   c - Bolt of Fire                   Conjuration/Fire             6
   d - Ring of Flames                 Charms/Fire                  7
   e - Ignition                       Fire                         8
Miscellaneous
 h - a crystal ball of energy
 Z - 3 phantom mirrors
Comestibles
 d - 32 bread rations
 D - 32 fruits


   Skills:
 + Level 13.2(12.4) Fighting
 + Level 23.4(22.5) Dodging
 - Level 3.0(2.4) Stealth
 O Level 27(25.9) Spellcasting
 - Level 10.0(9.3) Conjurations
 - Level 5.0(4.3) Hexes
 - Level 18.5(17.7) Charms
 - Level 10.0(9.2) Summonings
 - Level 2.0(1.5) Translocations
 - Level 12.3(11.5) Transmutations
 - Level 5.4(4.8) Air Magic
 + Level 24.3(23.4) Earth Magic
 - Level 7.0(6.3) Evocations


You had 10 spell levels left.
You knew the following spells:

 Your Spells              Type           Power        Failure   Level  Hunger
a - Lehudib's Crystal Sp  Conj/Erth      ########..   1%          8    None
b - Passwall              Tmut/Erth      ########..   0%          2    None
c - Shatter               Erth           ########..   1%          9    #......
d - Petrify               Tmut/Erth      ########     0%          4    None
e - Lee's Rapid Deconstr  Erth           ########..   0%          5    None
f - Apportation           Tloc           ######       1%          1    None
g - Deflect Missiles      Chrm/Air       #######...   1%          6    None
h - Blink                 Tloc           N/A          1%          2    None
i - Bolt of Magma         Conj/Fire/Erth #######...   1%          5    None
j - Yara's Violent Unrav  Hex/Tmut       #######...   1%          5    None
k - Iron Shot             Conj/Erth      ########..   1%          6    None
l - Spellforged Servitor  Conj/Summ      #######...   1%          7    None
m - Statue Form           Tmut/Erth      ########.    1%          6    None
n - Force Lance           Conj/Tloc      ######..     1%          4    None


Dungeon Overview and Level Annotations

Branches:
Dungeon (15/15)            Temple (1/1) D:7            Lair (6/6) D:11
  Swamp (4/4) Lair:2       Spider (4/4) Lair:3        Slime (5/5) Lair:6
    Orc (2/2) D:11            Elf (3/3) Orc:2        Vaults (5/5) D:13
  Crypt (0/3) Vaults:3     Depths (5/5) D:15           Hell (1/1)
    Dis (0/7) Hell            Geh (0/7) Hell            Coc (0/7) Hell
    Tar (0/7) Hell            Zot (0/5) Depths:5

Altars:
Cheibriados
Dithmenos
Elyvilon
Fedhas
Gozag
Hepliaklqana
Qazlal
Ru
Uskayaw
Vehumet
Xom
Yredelemnul
Zin
The Shining One
Beogh
Jiyva

Shops:
D:7 [   D:15 *   Orc:2 (*[(:%   Elf:1 }(*:   Elf:3 *   Vaults:1 (   Vaults:2 (
Vaults:3 *   Vaults:4 *   Depths:4 *

Portals:
Hell: Depths:1 Depths:2 Depths:3 Depths:4 Depths:5
Abyss: Depths:2 Depths:4 Depths:5
Pandemonium: Depths:1 Depths:3 Depths:4 Depths:5
Ziggurat: Depths:4

Annotations:
Spider:3 1 transporter


Innate Abilities, Weirdness & Mutations

You are very small and have problems with some larger weapons.
You are too small for most types of armour.
You have supernaturally acute eyesight. (SInv)
You are a herbivore.
You cover ground extremely quickly.
You need consume almost no food.
Your flesh is heat resistant. (rF+)
You have an increased reservoir of magic. (+10% MP)
You are resistant to hostile enchantments. (MR+)
You are weak. (Str -2)


Message History

* * * LOW HITPOINT WARNING * * *
The storm dragon completely misses you. x2; The storm dragon tramples you.
* * * LOW HITPOINT WARNING * * *
You stumble backwards!
You hear a shout!
Found a scroll of torment and a book of Fire.
A sphinx, a cyclops, a stone giant and a fire giant come into view.
The fire giant is wielding a great sword of flaming.
Casting: Shatter
Confirm with . or Enter, or press ? or * to list all spells.
Okay, then.
Okay, then.
Casting: Shatter
Confirm with . or Enter, or press ? or * to list all spells.
You blink.
The quicksilver dragon breathes dispelling energy at you.
The bolt of dispelling energy misses you.
The shadow dragon breathes negative energy at you.
The bolt of negative energy hits you!
You feel drained.
You die...

##)##..)[[*.....
......[[)[<*[[..H.
........[D..<[[...
........D§<<[[....
......[[[[.D..C†.
###..#....[.QQ[C.#
...).....[))..c..
........)......$..
.)#..@.[)[[÷p.C%
..=$|........#.#.
...:?#..#...C#C#
.... #..#....# ...
#..# ...# .. #..#
...# # #..# ..#
...# ..#


You could see a shadow dragon, a storm dragon, a quicksilver dragon, a stone
giant, 2 tengu reavers, a yaktaur captain, an ironbrand convoker and a
battlesphere.

Vanquished Creatures
  the Royal Jelly (Slime:5)
  Dissolution (Slime:4)
  Mara (Depths:2)
  Frederick (Vaults:4)
  Saint Roka (Vaults:2)
  Geryon (Hell)
  2 golden dragons
  3 caustic shrikes (Depths:4)
  Nikola (Spider:4)
  3 bone dragons
  the Enchantress (Depths:3)
  7 liches
  The ghost of Toogi the Severer, an adept HOMo of Okawaru (Swamp:2)
  7 tentacled monstrosities
  3 deep elf blademasters (Elf:3)
  A titan (Vaults:5)
  A deep elf master archer (Elf:3)
  5 sphinxes
  An Executioner (Abyss:3)
  5 tentacled starspawn
  30 acid blobs
  9 shadow dragons
  An ancient champion (Vaults:3)
  4 tengu reavers
  Donald (Lair:2)
  17 azure jellies
  A thorn hunter (Swamp:4)
  A storm dragon (Depths:3)
  8 fire giants
  11 frost giants
  14 deep elf sorcerers
  14 vault wardens
  5 ghost moths
  2 balrugs (Hell)
  3 orc warlords
  A cacodemon (Abyss:4)
  The ghost of RKaid the Nimble, an adept TeAE of Sif Muna (Swamp:2)
  A caustic shrike zombie (Depths:1)
  5 iron dragons
  8 emperor scorpions
  An angel (Abyss:3)
  Louise (D:15)
  A draconian stormcaller (Depths:5)
  2 draconian shifters (Depths:5)
  A ghoul (Abyss:4)
  10 ironheart preservers
  5 spriggan defenders (Depths:3)
  6 reapers (Hell)
  7 deep elf elementalists
  2 ophanim (Abyss:3)
  2 war gargoyles
  22 stone giants
  54 very ugly things
  5 entropy weavers
  4 green draconians (Depths:5)
  A lorocyproca (Abyss:3)
  6 deep elf demonologists (Elf:3)
  A black draconian (Abyss:4)
  10 deep elf annihilators
  Azrael (Spider:3)
  A purple draconian (Depths:5)
  10 spark wasps
  A spark wasp (shapeshifter) (Depths:3)
  A yellow draconian (Depths:5)
  A crystal guardian (Vaults:4)
  4 deep elf death magi
  2 blizzard demons (Hell)
  Josephine (Swamp:1)
  14 death oozes
  6 deep elf high priests
  An eidolon (Vaults:3)
  7 ettins
  A green death (Depths:4)
  A great orb of eyes (shapeshifter) (Depths:3)
  17 great orbs of eyes
  A kraken zombie (Hell)
  4 rakshasas
  13 fire dragons
  24 hydras
  28 vault guards
  11 yaktaur captains
  2 death knights
  9 spriggan air magi
  12 ice dragons
  A catoblepas (Lair:6)
  A monstrous demonspawn (Depths:3)
  14 centaur warriors
  28 dancing weapons
  19 ogre magi
  57 two-headed ogres
  3 alligators
  An anaconda (shapeshifter) (D:14)
  9 deep troll earth magi
  4 death yaks (Lair:6)
  2 hell hogs
  5 deep troll shamans
  A satyr (shapeshifter) (D:10)
  8 tengu warriors
  8 small abominations
  9 hell knights
  3 vampire magi
  2 orc high priests
  11 thrashing horrors
  20 deep elf knights
  Sonja (Orc:2)
  5 spriggan berserkers
  A storm dragon zombie (Vaults:1)
  5 sun demons
  A titan skeleton (Hell)
  2 wretched stars (Abyss:3)
  3 iron trolls
  A sixfirhy (Depths:4)
  A sea snake (shapeshifter) (Abyss:3)
  7 unseen horrors
  15 skeletal warriors
  2 fire crabs (shapeshifter)
  4 flayed ghosts
  A spatial maelstrom (Abyss:4)
  3 shadow wraiths
  2 lindwurms
  19 deep trolls
  4 spriggan druids (Swamp:4)
  10 glowing orange brains
  4 wizards
  15 starcursed masses
  15 swamp dragons
  A kraken simulacrum (Hell)
  2 phantasmal warriors
  19 ironbrand convokers
  5 shambling mangroves
  4 oklob plants (Lair:6)
  14 orc knights
  A golden dragon skeleton (D:15)
  17 deep elf archers
  A harpy (shapeshifter) (Depths:1)
  A tengu zombie (Depths:3)
  16 necromancers
  2 orange crystal statues (Abyss:5)
  A fire giant zombie (Hell)
  A mana viper (shapeshifter) (Vaults:5)
  A wolf spider zombie (Hell)
  6 orc sorcerers
  16 orb spiders
  5 human zombies
  65 deep elf magi
  A glowing shapeshifter (Vaults:2)
  4 stone giant zombies
  4 harpies
  80 ugly things
  A shadow dragon skeleton (Hell)
  42 wolf spiders
  3 salamanders
  6 shining eyes
  A wolf spider (shapeshifter) (Elf:3)
  8 cyclopes
  2 frost giant zombies
  A stone giant skeleton (Abyss:3)
  2 worldbinders (Abyss:4)
  A manticore (shapeshifter) (Depths:5)
  4 manticores
  A moth of wrath (shapeshifter) (Depths:1)
  An apocalypse crab (Abyss:3)
  4 moths of wrath
  2 frost giant skeletons
  A guardian serpent (Abyss:1)
  7 rust devils
  10 vault sentinels
  8 black mambas
  3 fire giant skeletons
  2 elephants (shapeshifter)
  6 eyes of devastation
  6 ice statues
  9 smoke demons
  A molten gargoyle (Hell)
  3 orange demons
  7 elephants
  3 torpor snails
  A storm dragon simulacrum (Hell)
  A gargoyle (D:13)
  An emperor scorpion zombie (Hell)
  A rime drake (shapeshifter) (Depths:1)
  2 rime drakes (Lair:2)
  16 spiny frogs
  A kobold demonologist (D:14)
  3 efreet
  A yaktaur skeleton (Vaults:1)
  2 yaktaurs (shapeshifter)
  50 yaktaurs
  A catoblepas zombie (Hell)
  5 tengu conjurers
  11 ice devils
  3 ancient zymes
  A tormentor (Depths:3)
  2 hellwings
  21 demonic crawlers
  A guardian mummy (D:15)
  11 komodo dragons
  9 freezing wraiths
  3 polar bears
  2 jumping spiders (shapeshifter)
  13 trolls
  2 hydra zombies (Hell)
  36 jumping spiders
  A queen bee (shapeshifter) (Depths:3)
  A shadow dragon simulacrum (Depths:3)
  3 red devils
  8 tyrant leeches
  27 blink frogs
  3 meliai (D:14)
  38 hornets
  A wind drake (shapeshifter) (Vaults:5)
  9 raiju
  A hydra skeleton (Abyss:3)
  10 hippogriffs
  14 bog bodies
  An ettin zombie (Depths:3)
  140 slime creatures
  A fire dragon zombie (D:15)
  3 flying skulls
  A human simulacrum (Vaults:2)
  A frost giant simulacrum (Hell)
  An ettin skeleton (Hell)
  78 redbacks
  8 shadows
  An ice dragon skeleton (Hell)
  A shapeshifter (Vaults:4)
  31 tarantellas
  A spriggan (shapeshifter) (Depths:2)
  4 ynoxinuls
  26 air elementals
  2 yaks (shapeshifter)
  4 wyverns
  18 yaks
  A redback (shapeshifter) (Vaults:3)
  5 fire bats (Depths:2)
  20 spriggans
  9 water elementals
  9 fire elementals
  A tarantella (shapeshifter) (Elf:3)
  12 large abominations
  A steam dragon (Lair:2)
  A golden eye (shapeshifter) (Vaults:2)
  6 golden eyes (Slime:1)
  8 wraiths
  2 hungry ghosts
  7 basilisks
  5 neqoxecs
  16 vampire mosquitoes
  4 chaos spawn
  24 insubstantial wisps
  A harpy simulacrum (D:15)
  3 spatial vortices (Abyss:4)
  A deep troll zombie (Vaults:4)
  A merfolk zombie (Hell)
  2 wargs
  17 swamp worms
  7 hell hounds
  5 acid dragons
  2 spiny frog zombies (Hell)
  20 water moccasins
  A soldier ant (D:12)
  A floating eye (Depths:3)
  An ogre skeleton (Vaults:1)
  10 porcupines
  10 swamp drakes
  A black bear (Lair:6)
  58 orc warriors
  A spiny frog skeleton (Hell)
  A hornet zombie (D:10)
  A black bear (shapeshifter) (Depths:4)
  6 ice beasts
  2 orc zombies
  22 boggarts
  An eye of draining (Slime:1)
  A necrophage (D:6)
  44 ogres
  5 phantoms
  14 sky beasts
  An elf skeleton (Vaults:4)
  19 wolves
  42 centaurs
  15 crocodiles
  An elf simulacrum (Vaults:1)
  2 big kobolds
  2 earth elementals
  18 bullfrogs
  A glowing shapeshifter simulacrum (Depths:3)
  2 human skeletons (Vaults:1)
  7 scorpions
  2 wyvern skeletons
  8 killer bees
  A snapping turtle simulacrum (Hell)
  3 wights (D:12)
  9 electric eels
  6 howler monkeys
  11 crimson imps
  2 draconian simulacra (IceCv)
  5 quasits
  6 centaur zombies
  5 hounds
  A yaktaur simulacrum (Vaults:1)
  3 bullfrog zombies
  9 iron imps
  5 centaur skeletons
  8 jellies
  46 orc wizards
  A bullfrog skeleton (D:13)
  Terence (D:3)
  25 orc priests
  7 iguanas
  2 yak simulacra (Lair:4)
  4 lightning spires (Depths:3)
  2 spriggan simulacra (IceCv)
  13 worker ants
  A troll simulacrum (IceCv)
  A polar bear simulacrum (Lair:4)
  4 wolf simulacra (Lair:4)
  3 hound skeletons
  4 worker ant zombies
  4 gnolls
  4 naga simulacra (IceCv)
  23 adders
  An ogre simulacrum (IceCv)
  8 shadow imps
  5 white imps
  4 ufetubi
  6 oozes
  2 adder zombies
  An adder skeleton (D:4)
  2 worms (D:2)
  A worm (shapeshifter) (Vaults:1)
  2 ball lightnings (Depths:3)
  10 dart slugs
  A leopard gecko (D:11)
  144 orcs
  7 giant cockroaches
  4 goblins
  7 hobgoblins
  11 jackals
  5 quokkas
  2 ball pythons
  5 bats
  3 frilled lizards
  5 kobolds
  2 leopard gecko skeletons
  A quokka skeleton (D:9)
  A quokka zombie (D:8)
  7 rats
  4 river rat simulacra (Lair:4)
  3 crawling corpses (Elf:3)
  7 fungi
  A lurking horror (Abyss:3)
  9 plants
  A tentacle (Hell)
2856 creatures vanquished.

Vanquished Creatures (collateral kills)
  2 centaur warriors
  A glowing orange brain (Depths:1)
  2 deep trolls
  A centaur (Vaults:3)
6 creatures vanquished.

Vanquished Creatures (others)
  A fire giant (Depths:3)
  An ogre mage (Depths:1)
  2 two-headed ogres (Depths:1)
  A deep elf archer (Elf:3)
  A deep elf mage (Elf:3)
  An orc wizard (D:10)
  A ball lightning (Depths:3)
  17 fungi
  A lurking horror (Abyss:3)
  38 plants
  8 starspawn tentacles
  7 tentacles (Hell)
  A withered plant (D:15)
80 creatures vanquished.

Grand Total: 2942 creatures vanquished

Notes
Turn   | Place    | Note
-------+----------+-------------------------------------------
     0 | D:1      | Reinor the Spriggan Earth Elementalist began the quest for the Orb.
     0 | D:1      | Reached XP level 1. HP: 9/9 MP: 5/5
   402 | D:1      | Reached skill level 3 in Spellcasting
   796 | D:1      | Reached XP level 2. HP: 13/13 MP: 2/7
   801 | D:1      | Learned a level 2 spell: Passwall
  1403 | D:1      | Reached XP level 3. HP: 16/16 MP: 6/8
  1893 | D:2      | Reached skill level 4 in Spellcasting
  1893 | D:2      | Reached XP level 4. HP: 13/21 MP: 3/11
  1899 | D:2      | Found a white marble altar of Elyvilon.
  3079 | D:3      | Reached XP level 5. HP: 24/24 MP: 9/12
  3081 | D:3      | Noticed Terence
  3133 | D:3      | Killed Terence
  3880 | D:3      | Reached skill level 5 in Dodging
  3961 | D:3      | Reached skill level 5 in Spellcasting
  4419 | D:4      | Reached XP level 6. HP: 28/28 MP: 11/14
  4424 | D:4      | Learned a level 3 spell: Stone Arrow
  4429 | D:4      | Learned a level 4 spell: Petrify
  4435 | D:4      | Learned a level 5 spell: Lee's Rapid Deconstruction
  4882 | D:4      | Found a sacrificial altar of Ru.
  5848 | D:4      | Reached XP level 7. HP: 32/32 MP: 9/16
  6134 | D:5      | Entered Level 5 of the Dungeon
  6536 | D:5      | Found an opulent altar of Gozag.
  6976 | D:5      | Reached skill level 5 in Earth Magic
  7067 | D:5      | Reached skill level 6 in Spellcasting
  7752 | D:6      | Reached XP level 8. HP: 37/37 MP: 12/19
  7754 | D:6      | Reached skill level 1 in Fighting
  7754 | D:6      | Reached skill level 7 in Spellcasting
  8259 | D:6      | Learned a level 1 spell: Apportation
  8261 | D:6      | Learned a level 1 spell: Summon Small Mammal
  8588 | D:6      | Reached skill level 8 in Spellcasting
  9574 | D:7      | Reached XP level 9. HP: 25/44 MP: 1/22
  9877 | D:7      | Found Puicouwn's Armour Shop.
  9884 | D:7      | Bought a +1 robe of cold resistance for 165 gold pieces
  9925 | D:7      | Found a staircase to the Ecumenical Temple.
  9939 | Temple   | Entered the Ecumenical Temple
  9946 | Temple   | Became a worshipper of Vehumet
 10716 | D:7      | Reached skill level 1 in Conjurations
 11268 | D:8      | Noticed a two-headed ogre
 11319 | D:8      | Reached skill level 9 in Spellcasting
 11427 | D:8      | Killed a two-headed ogre
 11427 | D:8      | Reached * piety under Vehumet
 11427 | D:8      | Offered knowledge of Freeze by Vehumet.
 11646 | D:8      | Reached skill level 5 in Transmutations
 11922 | D:8      | Noticed a two-headed ogre
 11936 | D:8      | Killed a two-headed ogre
 11936 | D:8      | Reached skill level 10 in Spellcasting
 11936 | D:8      | Reached XP level 10. HP: 49/49 MP: 13/25
 12886 | D:9      | Reached skill level 1 in Translocations
 13132 | D:9      | Offered knowledge of Magic Dart by Vehumet.
 13170 | D:9      | Learned a level 2 spell: Blink
 13174 | D:9      | Reached ** piety under Vehumet
 13265 | D:9      | Reached skill level 1 in Summonings
 13457 | D:9      | Offered knowledge of Throw Flame by Vehumet.
 13558 | D:9      | Learned a level 2 spell: Throw Flame
 13964 | D:9      | Reached *** piety under Vehumet
 14202 | D:10     | Entered Level 10 of the Dungeon
 14220 | D:10     | Noticed an unseen horror
 14244 | D:10     | Reached skill level 11 in Spellcasting
 14278 | D:10     | Noticed an unseen horror
 14286 | D:10     | Killed an unseen horror
 14344 | D:10     | Noticed an ogre mage
 14345 | D:10     | Noticed a four-headed hydra
 14346 | D:10     | Noticed a deep elf mage
 14373 | D:10     | Killed an unseen horror
 14387 | D:10     | Offered knowledge of Throw Icicle by Vehumet.
 14543 | D:9      | Reached XP level 11. HP: 40/52 MP: 27/27
 14748 | D:10     | Killed an ogre mage
 14748 | D:10     | Reached skill level 12 in Spellcasting
 14976 | D:10     | Killed a deep elf mage
 15016 | D:10     | Reached skill level 10 in Earth Magic
 15114 | D:10     | Reached **** piety under Vehumet
 15216 | D:10     | Offered knowledge of Sticky Flame by Vehumet.
 15219 | D:10     | Noticed a death drake
 15221 | D:10     | Noticed an orc knight
 15476 | D:10     | Noticed an unseen horror
 15481 | D:10     | Noticed a two-headed ogre
 15488 | D:10     | Killed an unseen horror
 15523 | D:10     | Killed a four-headed hydra
 15745 | D:10     | Killed an orc knight
 15756 | D:10     | Noticed a fire crab
 15765 | D:10     | a fire crab changed into a komodo dragon
 16088 | D:10     | Reached skill level 13 in Spellcasting
 16151 | D:10     | Reached skill level 10 in Dodging
 16675 | D:10     | Noticed an alligator
 16727 | D:10     | Noticed a satyr
 16727 | D:10     | an alligator changed into a satyr
 16740 | D:10     | Killed a satyr
 16948 | D:10     | Killed a two-headed ogre
 16975 | D:10     | Noticed a two-headed ogre
 16988 | D:10     | Killed a two-headed ogre
 16988 | D:10     | Reached XP level 12. HP: 36/56 MP: 24/30
 17120 | D:10     | Learned a level 5 spell: Yara's Violent Unravelling
 17148 | D:10     | Found a runed door.
 17223 | D:10     | Noticed a centaur warrior
 17229 | D:10     | Killed a centaur warrior
 17233 | D:10     | Noticed a fire giant
 17340 | D:10     | Killed a fire giant
 17423 | D:10     | Noticed a fire dragon
 17469 | D:10     | Killed a fire dragon
 18015 | D:11     | Reached skill level 14 in Spellcasting
 18363 | D:11     | Reached ***** piety under Vehumet
 18483 | D:11     | Found a frozen archway.
 18502 | IceCv    | Entered an ice cave
 18718 | IceCv    | Offered knowledge of Iron Shot by Vehumet.
 18727 | IceCv    | Learned a level 6 spell: Iron Shot
 19208 | IceCv    | Reached skill level 5 in Conjurations
 19366 | IceCv    | Reached XP level 13. HP: 42/60 MP: 23/32
 19532 | IceCv    | Got a brightly glowing robe
 19543 | IceCv    | Identified the +1 robe of Inquiry {*Slow rN+ rCorr Slay+3} (You found it in an ice cave)
 19867 | D:11     | Found a staircase to the Orcish Mines.
 20181 | D:11     | Found a staircase to the Lair.
 20887 | D:12     | Reached skill level 15 in Spellcasting
 21034 | D:12     | Reached skill level 10 in Transmutations
 21430 | D:12     | Offered knowledge of Airstrike by Vehumet.
 22587 | D:13     | Learned a level 4 spell: Airstrike
 22944 | D:13     | Found a shadowy altar of Dithmenos.
 23228 | D:13     | Found a gate to the Vaults.
 23465 | D:14     | Offered knowledge of Bolt of Cold by Vehumet.
 23579 | D:14     | Reached skill level 16 in Spellcasting
 23906 | D:14     | Reached XP level 14. HP: 50/67 MP: 9/35
 24054 | D:14     | Reached skill level 5 in Fighting
 25136 | D:15     | Entered Level 15 of the Dungeon
 25757 | D:15     | Found a staircase to the Depths.
 25771 | D:15     | Offered knowledge of Bolt of Fire by Vehumet.
 25857 | D:15     | Reached skill level 17 in Spellcasting
 25917 | D:15     | Noticed Louise
 26148 | D:15     | Found Zaoc's General Store.
 26646 | D:15     | Killed Louise
 27499 | Orc:1    | Entered Level 1 of the Orcish Mines
 27622 | Orc:2    | Entered Level 2 of the Orcish Mines
 27833 | Orc:2    | Noticed Sonja
 27836 | Orc:2    | Killed Sonja
 27840 | Orc:2    | Found Zoluruis's Weapon Shop.
 27922 | Orc:2    | Bought 24 stones for 36 gold pieces
 27922 | Orc:2    | Bought 21 stones for 31 gold pieces
 27975 | Orc:1    | Found a roughly hewn altar of Beogh.
 28184 | Orc:2    | Found Enaf's Food Emporium.
 28253 | Orc:2    | Bought a bread ration for 50 gold pieces
 28253 | Orc:2    | Bought a royal jelly for 20 gold pieces
 28253 | Orc:2    | Bought a bread ration for 50 gold pieces
 28253 | Orc:2    | Bought a bread ration for 50 gold pieces
 28253 | Orc:2    | Bought a royal jelly for 20 gold pieces
 28253 | Orc:2    | Bought a royal jelly for 20 gold pieces
 28314 | Orc:2    | Found a staircase to the Elven Halls.
 28386 | Elf:1    | Entered Level 1 of the Elven Halls
 28388 | Elf:1    | Reached XP level 15. HP: 72/72 MP: 37/37
 28402 | Elf:1    | Reached ****** piety under Vehumet
 28529 | Orc:2    | Offered knowledge of Spellforged Servitor by Vehumet.
 28538 | Orc:2    | Learned a level 7 spell: Spellforged Servitor
 28893 | Orc:2    | Noticed an orc warlord
 28917 | Orc:2    | Killed an orc warlord
 29103 | Orc:2    | Noticed an orc warlord
 29123 | Orc:2    | Killed an orc warlord
 29577 | Orc:2    | Found a roughly hewn altar of Beogh.
 29720 | Orc:2    | Found Jest's Book Shoppe.
 29739 | Orc:2    | Bought a book of Transfigurations for 660 gold pieces
 29746 | Orc:2    | Learned a level 6 spell: Statue Form
 29843 | Orc:2    | Found Cypoz's Antique Weapon Shoppe.
 29850 | Orc:2    | Found Qyaps's General Store.
 29860 | Orc:2    | Bought an uncursed staff of fire for 350 gold pieces
 29860 | Orc:2    | Bought a scroll of teleportation for 42 gold pieces
 29860 | Orc:2    | Bought a scroll of amnesia for 49 gold pieces
 29860 | Orc:2    | Bought a scroll of teleportation for 42 gold pieces
 29860 | Orc:2    | Bought a +3 amulet of reflection for 219 gold pieces
 29860 | Orc:2    | Bought a scroll of fog for 28 gold pieces
 29985 | Orc:2    | Found Pisch's Antique Armour Shoppe.
 29991 | Orc:2    | Bought a distressingly furry robe for 193 gold pieces
 29991 | Orc:2    | Identified the cursed -5 robe of Misfortune {-Cast *Contam *Tele *Drain EV-5 Stlth-- *Curse} (You bought it in a shop on level 2 of the Orcish Mines)
 30167 | Orc:1    | Reached skill level 18 in Spellcasting
 30440 | Orc:1    | Found a roughly hewn altar of Beogh.
 30713 | Lair:1   | Entered Level 1 of the Lair of Beasts
 31050 | Lair:1   | Offered knowledge of Poison Arrow by Vehumet.
 31439 | Lair:2   | Found a staircase to the Swamp.
 31553 | Lair:2   | Lost strength.
 32287 | Lair:2   | Reached skill level 15 in Dodging
 32697 | Lair:3   | Reached skill level 1 in Hexes
 32798 | Lair:3   | Identified a scroll of acquirement
 32985 | Lair:3   | Found a hole to the Spider Nest.
 32987 | Lair:3   | Reached skill level 1 in Air Magic
 33614 | Lair:4   | Offered knowledge of Ozocubu's Refrigeration by Vehumet.
 35374 | Lair:5   | Got a transparent wooden ring
 35375 | Lair:5   | Identified the ring of the Devil {Int+2 Stlth+} (You found it on level 5 of the Lair of Beasts)
 35597 | Lair:5   | Reached XP level 16. HP: 77/77 MP: 39/39
 36050 | Lair:6   | Entered Level 6 of the Lair of Beasts
 37240 | Lair:6   | Found a staircase to the Slime Pits.
 37436 | Lair:6   | Reached skill level 15 in Earth Magic
 38126 | Spider:1 | Entered Level 1 of the Spider Nest
 38441 | Spider:1 | Reached skill level 5 in Hexes
 40612 | Spider:2 | Offered knowledge of Lehudib's Crystal Spear by Vehumet.
 40612 | Spider:2 | Offered knowledge of Glaciate by Vehumet.
 40612 | Spider:2 | Offered knowledge of Shatter by Vehumet.
 40614 | Spider:2 | Reached skill level 19 in Spellcasting
 41752 | Spider:3 | Reached skill level 5 in Summonings
 41762 | Spider:3 | Reached skill level 5 in Air Magic
 42052 | Spider:3 | Noticed Azrael
 42060 | Spider:3 | Killed Azrael
 44189 | Spider:3 | Reached XP level 17. HP: 84/84 MP: 18/41
 44390 | Spider:3 | Got a pitted granite ring
 44399 | Spider:3 | Got a vibrating ivory ring
 44405 | Spider:3 | Identified the ring "Pugoem" {+Fly Str+5 Int+4 SInv} (You found it on level 3 of the Spider Nest)
 44407 | Spider:3 | Identified the ring "Kukileir" {rElec rPois rC+ Str-4 Dex+6} (You found it on level 3 of the Spider Nest)
 44454 | Spider:4 | Entered Level 4 of the Spider Nest
 45018 | Spider:3 | Reached skill level 1 in Evocations
 45183 | Spider:4 | Noticed Nikola
 45542 | Spider:4 | Killed Nikola
 47875 | Spider:4 | Reached skill level 5 in Evocations
 48855 | Spider:4 | Reached skill level 20 in Spellcasting
 49343 | Spider:4 | Got a gossamer rune of Zot
 50206 | Swamp:1  | Entered Level 1 of the Swamp
 50218 | Swamp:1  | Noticed Donald
 50394 | Lair:2   | Killed Donald
 50394 | Lair:2   | Reached XP level 18. HP: 39/90 MP: 28/43
 51999 | Swamp:1  | Noticed Josephine
 52003 | Swamp:1  | Killed Josephine
 52843 | Swamp:2  | Noticed RKaid's ghost (adept TeAE)
 52852 | Swamp:2  | Killed RKaid's ghost
 52853 | Swamp:2  | Noticed Toogi's ghost (adept HOMo)
 52991 | Swamp:2  | Killed Toogi's ghost
 55067 | Swamp:4  | Entered Level 4 of the Swamp
 56301 | Swamp:4  | Reached skill level 21 in Spellcasting
 56790 | Swamp:4  | Got a decaying rune of Zot
 57368 | Swamp:4  | Upgraded the game from 0.20.0-4-g10b340a to 0.20.0-7-g3b7b877
 57725 | Slime:1  | Entered Level 1 of the Pits of Slime
 58148 | Elf:1    | Found Qatuj's Antique Weapon Boutique.
 58304 | Elf:1    | Reached XP level 19. HP: 93/93 MP: 45/45
 58344 | Elf:1    | Found Naojouwyo's General Store.
 58361 | Elf:1    | Bought a potion of brilliance for 52 gold pieces
 58361 | Elf:1    | Bought a potion of curing for 39 gold pieces
 58361 | Elf:1    | Bought an uncursed amulet of magic regeneration for 390 gold pieces
 58401 | Elf:1    | Found Ofeuklu's Gadget Shoppe.
 58431 | Elf:1    | HP: 1/93 [wizard/fireball (28)]
 59065 | Elf:1    | Found Piheseh's Book Emporium.
 59083 | Elf:1    | Bought a book of the Earth for 910 gold pieces
 59090 | Elf:1    | Learned a level 5 spell: Bolt of Magma
 59227 | Elf:1    | Got a faintly glowing long sword {slice}
 59228 | Elf:1    | Identified the +8 long sword "Ditecwow" {slice, Int+4} (You took it off a wizard on level 1 of the Elven Halls)
 59520 | Elf:2    | Found a runed gate.
 59520 | Elf:2    | Found a runed gate.
 59520 | Elf:2    | Found a runed gate.
 60306 | Elf:3    | Entered Level 3 of the Elven Halls
 60835 | Elf:3    | Reached skill level 22 in Spellcasting
 60850 | Elf:3    | Got a heavily runed sapphire amulet
 61117 | Elf:3    | Got a slimy mace {freeze}
 61119 | Elf:3    | Identified the +6 mace of Desperation {freeze, MR+ Int+4 Stlth+} (You took it off a deep elf demonologist on level 3 of the Elven Halls)
 61120 | Elf:3    | Identified the amulet of Hehac {Reflect Dex+2 SH+4} (You took it off a deep elf annihilator on level 3 of the Elven Halls)
 61186 | Elf:3    | Got a clouded ruby amulet
 61188 | Elf:3    | Identified the amulet of Cetwed {Harm *Drain rF+ Str+7 Int-5} (You took it off a deep elf demonologist on level 3 of the Elven Halls)
 61196 | Elf:3    | Got a steaming mace
 61197 | Elf:3    | Identified the +9 mace of the Iron City of Dis {crush, Int-4 Dex+2 SInv} (You took it off a deep elf sorcerer on level 3 of the Elven Halls)
 61227 | Elf:3    | Identified Hujah's Reference Book on the Hurtful Frostbite
 61448 | Elf:3    | Reached skill level 1 in Charms
 61634 | Elf:3    | Learned a level 6 spell: Deflect Missiles
 61682 | Elf:3    | Reached XP level 20. HP: 98/98 MP: 45/47
 61728 | Elf:3    | Found Seikh's Assorted Antiques.
 61738 | Elf:3    | Bought a twitching crystal amulet for 205 gold pieces
 61738 | Elf:3    | Bought a scroll labeled UXZUMIE XUFU for 41 gold pieces
 61739 | Elf:3    | Identified the amulet of Caybrotu {Harm *Drain Str+6} (You bought it in a shop on level 3 of the Elven Halls)
 61963 | Elf:3    | Learned a level 8 spell: Lehudib's Crystal Spear
 62170 | Elf:2    | Reached skill level 10 in Conjurations
 62174 | Elf:2    | Reached skill level 5 in Charms
 63057 | Elf:1    | Got a silken robe
 63068 | Elf:1    | Identified the +0 robe "Wepymif" {Int+4 Dex-3 Stlth+} (You took it off a deep elf mage on level 1 of the Elven Halls)
 63280 | Vaults:1 | Entered Level 1 of the Vaults
 63644 | Vaults:1 | Found Peivuotz's Weapon Shop.
 64245 | Vaults:1 | Reached skill level 10 in Charms
 65152 | Vaults:1 | Learned a level 4 spell: Force Lance
 65597 | Vaults:2 | Reached skill level 23 in Spellcasting
 65920 | Vaults:2 | Reached XP level 21. HP: 72/102 MP: 19/49
 66750 | Vaults:2 | Found Jaresh's Weapon Boutique.
 66780 | Vaults:2 | Noticed Saint Roka
 66790 | Vaults:2 | Killed Saint Roka
 67203 | Vaults:2 | Reached skill level 15 in Charms
 68654 | Vaults:3 | Found Tuppyequq's General Store.
 68662 | Vaults:3 | Bought 2 fruits for 66 gold pieces
 68725 | Vaults:3 | Found a staircase to the Crypt.
 70127 | Vaults:4 | Noticed Frederick
 70131 | Vaults:4 | Killed Frederick
 70246 | Vaults:4 | Reached XP level 22. HP: 107/107 MP: 40/50
 70669 | Vaults:4 | Found Ybyt's Assorted Antiques.
 70679 | Vaults:4 | Bought a paperback book for 570 gold pieces
 70679 | Vaults:4 | Bought a potion of resistance for 380 gold pieces
 70679 | Vaults:4 | Bought a potion of heal wounds for 190 gold pieces
 70679 | Vaults:4 | Bought a scroll of recharging for 361 gold pieces
 70899 | Vaults:4 | Reached skill level 24 in Spellcasting
 71470 | Depths:1 | Entered Level 1 of the Depths
 72301 | Depths:1 | Found a gateway to Hell.
 72700 | Depths:1 | Reached skill level 10 in Summonings
 73565 | Depths:1 | Found a one-way gate leading to the halls of Pandemonium.
 73624 | Depths:1 | Found a gateway to a bazaar.
 73633 | Bazaar   | Entered a bazaar
 73665 | Bazaar   | Found Vuggi's Assorted Antiques.
 73671 | Bazaar   | Bought a potion of resistance for 270 gold pieces
 73671 | Bazaar   | Bought 2 potions of curing for 162 gold pieces
 73671 | Bazaar   | Bought 2 potions of mutation for 432 gold pieces
 73682 | Bazaar   | Found Lodobo's Food Shoppe.
 73688 | Bazaar   | Bought 2 fruits for 21 gold pieces
 73688 | Bazaar   | Bought a royal jelly for 14 gold pieces
 73688 | Bazaar   | Bought a bread ration for 35 gold pieces
 73688 | Bazaar   | Bought a royal jelly for 14 gold pieces
 73688 | Bazaar   | Bought a royal jelly for 14 gold pieces
 73688 | Bazaar   | Bought a bread ration for 35 gold pieces
 73688 | Bazaar   | Bought 3 fruits for 31 gold pieces
 73688 | Bazaar   | Bought a royal jelly for 14 gold pieces
 73699 | Bazaar   | Found Gyoj's Food Emporium.
 73705 | Bazaar   | Bought a royal jelly for 16 gold pieces
 73705 | Bazaar   | Bought a bread ration for 40 gold pieces
 73705 | Bazaar   | Bought a bread ration for 40 gold pieces
 73705 | Bazaar   | Bought a bread ration for 40 gold pieces
 73705 | Bazaar   | Bought a bread ration for 40 gold pieces
 73705 | Bazaar   | Bought a bread ration for 40 gold pieces
 73705 | Bazaar   | Bought a bread ration for 40 gold pieces
 74199 | Depths:2 | Found a one-way gate to the infinite horrors of the Abyss.
 74949 | Depths:2 | Noticed Mara
 74956 | Depths:2 | Killed Mara
 74956 | Depths:2 | Reached XP level 23. HP: 113/113 MP: 23/52
 77236 | Depths:3 | Reached skill level 25 in Spellcasting
 77406 | Depths:3 | Got a slimy hunting sling
 77407 | Depths:3 | Identified the cursed +2 hunting sling "Killer Bee's Bane" {venom, *Contam Int+5} (You took it off a spriggan defender on level 3 of the Depths)
 77819 | Depths:3 | Reached skill level 10 in Fighting
 78194 | Depths:3 | Noticed the Enchantress
 78197 | Depths:3 | Killed the Enchantress
 78621 | Depths:3 | Got faerie dragon scales
 78622 | Depths:3 | Identified the +3 faerie dragon scales {*Corrode +Fly rN+ rCorr SInv} (You took it off the Enchantress on level 3 of the Depths)
 78813 | Depths:3 | Found a runed door.
 79415 | Depths:4 | Reached XP level 24. HP: 120/120 MP: 23/53
 79669 | Depths:4 | Found Siocs's Demolitions Depot.
 79728 | Depths:4 | Found a gateway to a ziggurat.
 80908 | Depths:4 | Reached skill level 26 in Spellcasting
 81422 | Depths:5 | Entered Level 5 of the Depths
 81453 | Depths:5 | Identified the +5 flail of Faomp {antimagic, MP+9} (You found it on level 5 of the Depths)
 82031 | Depths:5 | Found a gate to the Realm of Zot.
 82904 | Depths:5 | Learned a level 9 spell: Shatter
 83612 | Depths:5 | Reached XP level 25. HP: 115/123 MP: 21/54
 84353 | Hell     | Entered the Vestibule of Hell
 84353 | Hell     | Noticed Geryon
 84359 | Hell     | Killed Geryon
 84451 | Hell     | Found a gateway to the Iron City of Dis.
 84456 | Hell     | Reached skill level 27 in Spellcasting
 86192 | Slime:1  | Gained mutation: You have an increased reservoir of magic. (+10% MP) [a shining eye]
 86297 | Slime:1  | Gained mutation: Your flesh is heat resistant. (rF+) [a shining eye]
 87008 | Slime:2  | Found a viscous altar of Jiyva.
 87682 | Slime:4  | Noticed Dissolution
 87759 | Slime:3  | Gained mutation: You are agile. (Dex +2) [a shining eye]
 87761 | Slime:3  | Gained mutation: You are weak. (Str -2) [a shining eye]
 88035 | Slime:3  | Lost mutation: You are agile. (Dex +2) [a shining eye]
 88542 | Slime:4  | Killed Dissolution
 89609 | Slime:5  | Entered Level 5 of the Pits of Slime
 89721 | Slime:5  | Noticed the Royal Jelly
 90491 | Slime:5  | Killed the Royal Jelly
 91526 | Slime:5  | Got a sparkling steel ring
 91546 | Slime:5  | Identified the Collected Works on Excruciating Moulding
 91550 | Slime:5  | Got a slimy rune of Zot
 91563 | Slime:5  | Identified the ring of the Five People {rElec rC+ Str+8 Dex-5} (You found it on level 5 of the Pits of Slime)
 91667 | Slime:5  | Identified the +3 buckler "Ciegaxti" {MR+ Str+4} (You acquired it on level 5 of the Pits of Slime)
 92360 | Depths:2 | Voluntarily entered the Abyss.
 92451 | Abyss:1  | Reached XP level 26. HP: 131/131 MP: 15/60
 92622 | Abyss:2  | Found a corrupted altar of Lugonu.
 92629 | Abyss:2  | Found a corrupted altar of Lugonu.
 92893 | Abyss:3  | Found a glowing golden altar of the Shining One.
 93266 | Abyss:3  | Gained mutation: You are resistant to hostile enchantments. (MR+) [a neqoxec]
 94796 | Abyss:5  | Entered Level 5 of the Abyss
 94852 | Abyss:5  | Got an abyssal rune of Zot
 94868 | Depths:2 | Escaped the Abyss
 95412 | Hell     | Found a gateway to the decaying netherworld of Tartarus.
 95561 | Hell     | Found a gateway to the ashen valley of Gehenna.
 95653 | Hell     | Found a gateway to the freezing wastes of Cocytus.
 96419 | Vaults:5 | Entered Level 5 of the Vaults
 96815 | Vaults:5 | Reached XP level 27. HP: 125/140 MP: 60/60
 96820 | Vaults:5 | Killed from afar by a shadow dragon

Skill      XL: |  1  2  3  4  5  6  7  8  9 10 11 12 13 14 15 16 17 18 19 20 21 22 23 24 25 26 |
---------------+-------------------------------------------------------------------------------+-----
Spellcasting   | 3 4 5 6 8 10 11 13 14 16 17 18 19 20 21 22 23 24 25 26 27 | 27.0
Earth Magic    | 3 4 5 6 8 9 10 11 12 14 15 16 17 18 19 20 21 23 24 | 24.3
Dodging        | 4 5 6 8 11 13 15 16 18 20 21 23 | 23.4
Fighting       | 3 4 5 7 8 9 10 11 13 | 13.2
Transmutations | 5 6 9 10 11 12 | 12.3
Conjurations   | 3 5 8 9 10 | 10.0
Translocations | 2 |  2.0
Summonings     | 2 3 5 7 9 10 | 10.0
Hexes          | 3 5 |  5.0
Air Magic      | 2 5 |  5.4
Evocations     | 6 7 |  7.0
Charms         | 3 13 17 18 | 18.5
Stealth        | |  3.0

Action                   |  1- 3 |  4- 6 |  7- 9 | 10-12 | 13-15 | 16-18 | 19-21 | 22-24 | 25-27 || total
-------------------------+-------+-------+-------+-------+-------+-------+-------+-------+-------++-------
Melee: Unarmed           |    32 |    45 |     2 |       |       |       |       |       |       ||    79
       Dagger            |       |       |   103 |       |       |       |       |       |       ||   103
       Staff             |       |       |       |    25 |     2 |    21 |     2 |       |       ||    50
       Mace              |       |       |       |       |       |       |     1 |    17 |     7 ||    25
       Lajatang          |       |       |       |       |       |       |       |       |     5 ||     5
 Cast: Sandblast         |    49 |   129 |    47 |    27 |   188 |    85 |       |       |       ||   525
       Stone Arrow       |       |    21 |   163 |   362 |   729 |   510 |    10 |       |       ||  1795
       Lee's Rapid Decon |       |       |       |    65 |   213 |   142 |   190 |   110 |    28 ||   748
       Throw Flame       |       |       |       |     7 |       |       |       |       |       ||     7
       Petrify           |       |       |       |    12 |     4 |    25 |     1 |       |     5 ||    47
       Iron Shot         |       |       |       |     1 |     3 |   524 |   106 |    46 |    15 ||   695
       Summon Small Mamm |       |       |       |       |     3 |       |     2 |       |       ||     5
       Statue Form       |       |       |       |       |       |     9 |       |       |       ||     9
       Passwall          |       |       |       |       |       |     2 |     1 |     2 |     3 ||     8
       Blink             |       |       |       |       |       |     2 |     3 |       |     1 ||     6
       Yara's Violent Un |       |       |       |       |       |    13 |    11 |     9 |     4 ||    37
       Airstrike         |       |       |       |       |       |     6 |       |       |       ||     6
       Bolt of Magma     |       |       |       |       |       |       |   315 |   159 |   163 ||   637
       Lehudib's Crystal |       |       |       |       |       |       |    23 |   393 |   301 ||   717
       Deflect Missiles  |       |       |       |       |       |       |     3 |     4 |     2 ||     9
       Spellforged Servi |       |       |       |       |       |       |     2 |     5 |     1 ||     8
       Shatter           |       |       |       |       |       |       |       |     4 |    75 ||    79
       Force Lance       |       |       |       |       |       |       |       |       |     1 ||     1
 Abil: Evoke Flight      |       |       |       |       |       |     8 |       |     4 |       ||    12
Evoke: Wand              |       |       |       |     1 |       |     1 |       |       |    23 ||    25
       Phial of floods   |       |       |       |     1 |       |       |       |       |       ||     1
  Use: Scroll            |       |    10 |     6 |     7 |    14 |    10 |    12 |    11 |    17 ||    87
       Potion            |       |       |       |    10 |     1 |     6 |     1 |       |     5 ||    23
 Stab: Sleeping          |     3 |     4 |     1 |       |       |       |       |       |       ||     8
  Eat: Royal jelly       |       |     1 |     3 |     7 |    12 |     7 |     1 |     5 |     5 ||    41
       Fruit             |       |       |     2 |     1 |       |     7 |       |       |       ||    10
       Bread ration      |       |       |       |       |       |     2 |     2 |       |     1 ||     5
Armor: Robe              |     6 |     9 |    18 |    23 |    22 |    30 |     1 |    14 |    15 ||   138
       Skin              |       |       |       |    12 |       |    37 |       |       |       ||    49
Dodge: Dodged            |    42 |    92 |   163 |   260 |   472 |  1004 |   139 |   287 |   281 ||  2740
       Deflected         |       |       |       |       |     1 |     9 |    19 |    25 |    37 ||    91
Block: Other             |       |       |       |       |    21 |    92 |       |       |       ||   113
       Reflection        |       |       |       |       |     2 |     2 |       |       |       ||     4
